 Dungeon Crawl Stone Soup version 0.30.0-30-g96aa6591b8 (webtiles) character file.

Game seed: 3794963504826196011

203 cheesebisquit the Magician (level 6, -2/46 HPs)
             Began as a Djinni Air Elementalist on June 27, 2023.
             Slain by a black bear (5 damage)
             ... on level 4 of the Dungeon.
             The game lasted 00:09:20 (2767 turns).

cheesebisquit the Magician (DjAE)                   Turns: 2767, Time: 00:09:20

Health: -2/46      AC:  6    Str:  7    XL:     6   Next: 8%
Gold:   99         EV: 12    Int: 18    God:
                   SH:  0    Dex: 14

rFire   + + .        g - staff of conjuration
rCold   x . .        (no shield)
rNeg    . . .        a - +0 robe
rPois   ∞            (no helmet)
rElec   .            (no cloak)
rCorr   .            (no gloves)
SInv    .            (boots unavailable)
Will    .....        (no amulet)
Stlth   ++           e - +4 ring of protection
HPRegen 0.27/turn    (no ring)
MPRegen 0.00/turn

%: infuse magic (-3 HP)
@: flying
A: sickness immunity, fire resistance 2, cold vulnerability 1, float, innate
caster, HP casting, extra vitality 1
a: no special abilities


You were on level 4 of the Dungeon.
You visited 1 branch of the dungeon, and saw 4 of its levels.
You also visited: Sewer.

You collected 99 gold pieces.

Inventory:

Missiles
 d - 5 silver javelins
Armour
 a - a +0 robe (worn)
Magical Staves
 g - a staff of conjuration (weapon)
Jewellery
 e - a +4 ring of protection (left hand)
 h - a ring of fire
Wands
 n - a wand of flame (12)
Scrolls
 f - a scroll of magic mapping
 k - 3 scrolls of teleportation
 q - a scroll of amnesia {unknown}
 s - a scroll of silence {unknown}
 t - a scroll of enchant armour {unknown}
Potions
 c - 3 potions of attraction
 i - 2 potions of haste
 j - 2 potions of resistance
 l - a potion of brilliance
 m - a potion of curing {unknown}
 o - 7 potions of flight
 p - a potion of berserk rage {unknown}
 r - 2 potions of heal wounds
 u - a potion of lignification {unknown}


   Skills:
 + Level 3.6 Fighting
 - Level 2.1 Dodging
 - Level 1.5 Stealth
 + Level 3.8 Spellcasting


You knew the following spells:

 Your Spells              Type           Power      Damage    Failure   Level
a - Shock                 Conj/Air       100%       1d9       3%          1
b - Static Discharge      Conj/Air       50%        2-5/arc   4%          2
c - Swiftness             Air            17%        N/A       10%         3
d - Airstrike             Air            8%         2d(2-18)  30%         4
e - Summon Small Mammal   Summ           68%        N/A       3%          1
f - Scorch                Fire           34%        2d6       4%          2
Your spell library was empty.

Dungeon Overview and Level Annotations

Branches:
Dungeon (4/15)             Temple (0/1) D:4           Sewer (visited)

Altars:


Innate Abilities, Weirdness & Mutations

You are immune to sickness and miasma.
You are immune to poison.
Your flesh is very heat resistant. (rF++)
You are vulnerable to cold. (rC-)
You float through the air rather than walking.
You learn spells naturally, not from books.
Your magical power is your life essence.
You have superior vitality. (+4 MHP)


Message History

Your quokka's corpse disappears in a puff of smoke!
Casting: Summon Small Mammal (safe; 3% risk of failure)
Confirm with . or Enter, or press ? or * to list all spells.
Your bat hits the black bear but does no damage.
The black bear bites your bat. The black bear barely misses your bat.
The black bear claws your bat.
Your bat dies!
Your bat's corpse disappears in a puff of smoke!
Casting: Summon Small Mammal (safe; 3% risk of failure)
Confirm with . or Enter, or press ? or * to list all spells.
The black bear growls angrily.
The black bear bites your rat.
Your rat dies!
Your rat's corpse disappears in a puff of smoke!
The black bear rages.
Your quokka bites the black bear but does no damage.
Your quokka bites the black bear.
The black bear bites you. The black bear completely misses you.
The black bear barely misses you.
Your quokka bites the black bear.
Casting: Summon Small Mammal (safe; 3% risk of failure)
Confirm with . or Enter, or press ? or * to list all spells.
The black bear bites you.
The black bear claws you but does no damage.
The black bear closely misses you. The black bear bites you.
The black bear closely misses you.
The black bear claws you but does no damage.
Casting: Summon Small Mammal (safe; 3% risk of failure)
Confirm with . or Enter, or press ? or * to list all spells.
The black bear bites you. The black bear barely misses you.
The black bear claws you.
Your quokka barely misses the black bear.
The black bear attacks as you move away!
The black bear bites you!
* * * LOW HITPOINT WARNING * * *
The black bear claws you but does no damage.
The black bear barely misses you. The black bear bites you!
* * * LOW HITPOINT WARNING * * *
The black bear barely misses you. The black bear claws you.
You die...

#....#.......#
#..#.#...#####
#..#.#...# #######
#..#.#...# #.....#
#..#.#.#####.....#***
#>.........'.....+,,,
#..#r#.#####.....#***
#..#h#.....'.....#
#..#@#######.†...#
#..#r# #.....# #..#.#
#.....# #..#.#
#.....#
#..#.#######.....#
#.........###†#######
##.#.####............
#.#.# #####.#######
#.#.# #.#


You could see a black bear (berserk, ally target), a friendly quokka (summoned)
and a friendly rat (summoned).

Vanquished Creatures
  7 adders
  4 river rats (Sewer)
  3 worms
  3 dart slugs
  An orc (D:3)
  5 endoplasms
  4 giant cockroaches
  6 goblins
  3 hobgoblins
  13 jackals
  4 kobolds
  4 quokkas
  8 ball pythons
  14 bats
  7 frilled lizards
  5 rats
91 creatures vanquished.

Notes
Turn   | Place    | Note
-------+----------+-------------------------------------------
     0 | D:1      | cheesebisquit the Djinni Air Elementalist began the quest
                  | for the Orb.
     0 | D:1      | cheesebisquit set off with the following spells memorised:
                  | Shock, Static Discharge, Swiftness, Airstrike.
     0 | D:1      | Reached XP level 1. HP: 15/15 MP: 0/0
   172 | D:1      | Reached XP level 2. HP: 21/22 MP: 0/0
   186 | D:1      | Reached skill level 1 in Fighting
   596 | D:1      | Reached XP level 3. HP: 25/27 MP: 0/0
   596 | D:1      | Learned a level 1 spell: Summon Small Mammal
  1194 | D:2      | Reached XP level 4. HP: 32/33 MP: 0/0
  1540 | D:3      | Found a glowing drain.
  1558 | Sewer    | Entered a sewer
  1566 | Sewer    | Reached XP level 5. HP: 26/40 MP: 0/0
  1566 | Sewer    | Learned a level 2 spell: Scorch
  2369 | D:3      | Reached XP level 6. HP: 43/46 MP: 0/0
  2727 | D:4      | Noticed a black bear
  2767 | D:4      | Slain by a black bear

Illustrated notes

Levels and vault maps discovered:
D:1:      dpeg_arrival_pond, layout_loops_ring
D:2:      layout_loops_ring
D:3:      layout_rooms, cheibrodos_sewer_entry_sluice, serial_bayou_pond_c
D:4:      layout_basic, minmay_temple_entry_gardened_gates

Skill      XL: |  1  2  3  4  5 |
---------------+----------------+-----
Fighting       | 1 2 3 |  3.6
Spellcasting   | 3 |  3.8
Dodging        | |  2.1
Stealth        | |  1.5

Action                     |  1- 3 |  4- 6 || total
---------------------------+-------+-------++-------
   Cast: Shock             |    58 |   128 ||   186
         Summon Small Mamm |       |    16 ||    16
    Use: Scroll            |       |     7 ||     7
 Armour: Robe              |     4 |    13 ||    17
  Dodge: Dodged            |     9 |    26 ||    35
